 Dungeon Crawl Stone Soup version 0.23.2 (webtiles) character file.

Game seed: 7517804492872152645

81 Peloso the Shield-Bearer (level 4, -3/40 HPs)
             Began as a Minotaur Fighter on Apr 1, 2019.
             Was an Initiate of Okawaru.
             Slain by a gnoll
             ... wielding a +0 flail
              (10 damage)
             ... on level 3 of the Dungeon.
             The game lasted 00:03:14 (1494 turns).

Peloso the Shield-Bearer (Minotaur Fighter)         Turns: 1494, Time: 00:03:15

Health: -3/40      AC:  7    Str: 25    XL:     4   Next: 19%
Magic:  3/3        EV:  7    Int:  5    God:    Okawaru [......]
Gold:   119        SH: 10    Dex: 11    Spells: 3/3 levels left

rFire    . . .     SeeInvis .   a - +0 long sword
rCold    . . .     Gourm    .   c - +0 shield
rNeg     . . .     Faith    .   b - +0 scale mail
rPois    .         Spirit   .   (helmet restricted)
rElec    .         Reflect  .   (no cloak)
rCorr    .         Harm     .   (no gloves)
MR       .....                  (no boots)
Stlth    ..........             (no amulet)
HPRegen  0.13/turn              (no ring)
MPRegen  0.08/turn              (no ring)

@: mighty
A: retaliatory headbutt, horns 2
a: Renounce Religion


You were on level 3 of the Dungeon.
You worshipped Okawaru.
Okawaru was noncommittal.
You were not hungry.

You visited 1 branch of the dungeon, and saw 3 of its levels.

You collected 119 gold pieces.

Inventory:

Hand Weapons
 a - a +0 long sword (weapon)
Armour
 b - a +0 scale mail (worn)
 c - a +0 shield (worn)
Scrolls
 g - a scroll of remove curse {unknown}
 h - 2 scrolls of amnesia {unknown}
 i - 2 scrolls of identify {unknown}
 j - 2 scrolls of teleportation {unknown}
 l - a scroll of immolation {unknown}
Potions
 e - a potion of brilliance {unknown}
 k - a potion of haste {unknown}
 m - a potion of berserk rage {unknown}
Comestibles
 f - 4 rations
 n - 4 chunks of flesh


   Skills:
 + Level 4.2 Fighting
 + Level 3.1 Long Blades
 + Level 4.4 Armour
 + Level 4.5 Shields


You had 3 spell levels left.
You didn't know any spells.
Your spell library was empty.

Dungeon Overview and Level Annotations

Branches:
Dungeon (3/15)

Altars:
Nemelex Xobeh
Okawaru
Uskayaw


Innate Abilities, Weirdness & Mutations

You reflexively headbutt those who attack you in melee.
You have a pair of horns on your head.


Message History

You hit the gnoll but do no damage. The gnoll barely misses you.
You furiously retaliate!
You headbutt the gnoll. The gnoll closely misses you.
You block the gnoll's attack.
Unknown command.
You barely miss the gnoll.
The gnoll is heavily wounded.
You block the gnoll's attack. x2
Unknown command.
You closely miss the gnoll.
The gnoll is heavily wounded.
The gnoll closely misses you.
You riposte.
You hit the gnoll.
The gnoll is heavily wounded.
You block the gnoll's attack.
Unknown command.
Your shield prevents you from hitting the gnoll.
Your headbutt misses the gnoll.
The gnoll is heavily wounded.
You block the gnoll's attack. The gnoll closely misses you.
You block the gnoll's attack. The gnoll hits you with a +0 flail!
You die...

###.#..........# #.#.#
..#
#.#..........###.#.####
#.#
#.#....).....)..........
..
#.##.........###.#.#####
#.##.........# #.#.#
#.##.........# #.# #
#.##.........# #.#
###.##.........###.#
#..............g@gg#
#...#########...###.....
#...#########.....+ ...
#..........##...### .
###........##...#
#........##...#
#........###+##
##########


You could see 3 gnolls.

Vanquished Creatures
  2 adders
  A gnoll (D:3)
  A worm (D:2)
  A dart slug (D:1)
  2 orcs (D:3)
  5 giant cockroaches
  5 goblins
  6 hobgoblins
  A quokka (D:2)
  2 ball pythons
  4 bats
  6 frilled lizards
  4 kobolds
  7 rats
47 creatures vanquished.

Notes
Turn   | Place    | Note
-------+----------+-------------------------------------------
     0 | D:1      | Peloso the Minotaur Fighter began the quest for the Orb.
     0 | D:1      | Reached XP level 1. HP: 19/19 MP: 0/0
   113 | D:1      | Reached XP level 2. HP: 27/27 MP: 1/1
   666 | D:2      | Found a sparkling altar of Nemelex Xobeh.
   670 | D:2      | Found a hide-covered altar of Uskayaw.
   670 | D:2      | Found an iron altar of Okawaru.
   721 | D:2      | Became a worshipper of Warmaster Okawaru
   878 | D:2      | Reached XP level 3. HP: 33/33 MP: 2/2
  1408 | D:3      | Reached XP level 4. HP: 40/40 MP: 3/3
  1494 | D:3      | Slain by a gnoll

Skill      XL: |  1  2  3 |
---------------+----------+-----
Shields        | 4 |  4.5
Armour         | 4 |  4.4
Fighting       | 4 |  4.2
Long Blades    | 3 |  3.1

Action                   |  1- 3 |  4- 6 || total
-------------------------+-------+-------++-------
Melee: Long sword        |   109 |    16 ||   125
       Headbutt          |    12 |     1 ||    13
  Use: Potion            |       |     1 ||     1
  Eat: Chunk             |     2 |       ||     2
Armor: Scale mail        |    59 |     3 ||    62
Dodge: Dodged            |    28 |    10 ||    38
Block: Shield            |    72 |    12 ||    84
       Rpst.: Long sword |     7 |     2 ||     9
